 Dungeon Crawl Stone Soup version 0.29.1-15-g9cfb28693d (webtiles) character file.

Game seed: 12604473926400345181

241551 javelincjr the Warrior (level 20, -8/153 HPs)
             Began as a Djinni Conjurer on Mar 9, 2023.
             Was the Champion of Hepliaklqana.
             Killed from afar by a deep elf sorcerer (24 damage)
             ... with damnation
             ... on level 1 of the Elven Halls on Mar 10, 2023.
             The game lasted 05:05:17 (42400 turns).

javelincjr the Warrior (Djinni Conjurer)           Turns: 42400, Time: 05:05:18

Health: -8/153     AC: 14    Str: 17    XL:     20   Next: 13%
Gold:   4740       EV: 15    Int: 24    God:    Hepliaklqana [******] SH: 15 Dex: 17

rFire   + + +      SeeInvis +   f - staff of fire
rCold   x . .      Faith    .   F - +0 tower shield {rN+}
rNeg    + . .      Spirit   .   O - +1 ring mail of the Lumpy Nightingales {Drain rF+ Regen+ Str+3}
rPois   ∞          Reflect  .   V - +1 hat {SInv}
rElec   .          Harm     .   Q - +1 cloak
rCorr   .          Rampage  .   U - +1 pair of gloves {hurl}
Will    ++...      Clarity  +   (boots unavailable)
Stlth   ++++......              p - amulet of Utryemech {Fly rC+ Regen+ Str+4 Dex+4}
HPRegen 1.95/turn               Y - ring of wizardry
MPRegen 0.00/turn               W - ring of fire

@: death channelling, flying
A: reduced essence, sickness immunity, fire resistance 2, cold vulnerability 1,
float, innate caster, HP casting, extra vitality 1, clarity, robust 1
}: 2/15 runes: decaying, serpentine
a: Renounce Religion, Recall Ancestor, Ancestor Identity, Transference, Idealise


You were on level 1 of the Elven Halls.
You worshipped Hepliaklqana.
Hepliaklqana was exalted by your worship.
You visited 7 branches of the dungeon, and saw 32 of its levels.
You also visited: Ossuary, Gauntlet, Ice Cave and Volcano.

You collected 4740 gold pieces.

Inventory:

Hand Weapons
 X - the +9 glaive "Tucac" {speed, rElec rPois Dex+4}
   (You took it off a minotaur in a Gauntlet)

   Attacks with this weapon are significantly faster.
   Dex:       It affects your dexterity (+4).
   rElec:     It insulates you from electricity.
   rPois:     It protects you from poison.
Armour
 F - a +0 tower shield of positive energy (worn)
 O - the +1 ring mail of the Lumpy Nightingales (worn) {Drain rF+ Regen+ Str+3}
   (You found it on level 5 of the Lair of Beasts)

   Str:       It affects your strength (+3).
   rF:        It protects you from fire.
   Regen:     It increases your rate of health regeneration.
   Drain:     It drains your maximum health when unequipped.
 Q - a +1 cloak (worn)
 U - a +1 pair of gloves of hurling (worn)
 V - a +1 hat of see invisible (worn)
Magical Staves
 f - a staff of fire (weapon)
Jewellery
 p - the amulet of Utryemech (around neck) {Fly rC+ Regen+ Str+4 Dex+4}
   (You found it in an ice cave)

   [amulet of regeneration]

   Str:       It affects your strength (+4).
   Dex:       It affects your dexterity (+4).
   rC:        It protects you from cold.
   Fly:       It grants you flight.
   Regen:     It increases your rate of health regeneration.
 E - an amulet of reflection
 W - a ring of fire (right hand)
 Y - a ring of wizardry (left hand)
Wands
 a - a wand of flame (4)
 S - a wand of digging (5)
Scrolls
 e - 3 scrolls of summoning
 k - 11 scrolls of fear
 m - 6 scrolls of fog
 y - 4 scrolls of enchant armour
 C - 18 scrolls of teleportation
 D - 2 scrolls of magic mapping
 G - 3 scrolls of poison
 H - 2 scrolls of enchant weapon
 K - a scroll of blinking
 P - 3 scrolls of brand weapon
Potions
 b - 7 potions of might
 c - 6 potions of heal wounds
 g - 6 potions of haste
 h - 16 potions of curing
 i - 4 potions of resistance
 l - 3 potions of brilliance
 o - 3 potions of invisibility
 q - 3 potions of cancellation
 r - 5 potions of ambrosia
 u - 2 potions of berserk rage
 A - 2 potions of mutation
Miscellaneous
 d - a lightning rod (4/4)
 J - a piece from Xom's chessboard (15/15)
 L - a tin of tremorstones (2/2)
 M - a phantom mirror (inert)
 T - a box of beasts


   Skills:
 * Level 16.5 Fighting
 - Level 7.3 Polearms
 + Level 11.9 Armour
 + Level 14.0 Dodging
 + Level 11.8 Stealth
 * Level 6.8 Shields
 * Level 15.1 Spellcasting
 - Level 3.1 Invocations
 + Level 9.8 Evocations


You couldn't memorise any spells.
You knew the following spells:

 Your Spells              Type           Power      Damage    Failure   Level
a - Magic Dart            Conj           100%       1d8       1%          1
b - Searing Ray           Conj           100%       2d8       1%          2
c - Dazzling Flash        Conj/Hex       100%       N/A       1%          3
d - Fulminant Prism       Conj/Hex       37%        3d18      1%          4
e - Iskenderun's Mystic   Conj/Tloc      74%        2d15      1%          4
f - Shock                 Conj/Air       100%       1d9       1%          1
g - Static Discharge      Conj/Air       74%        3-13/arc  1%          2
h - Stone Arrow           Conj/Erth      100%       3d13      1%          3
i - Conjure Flame         Conj/Fire      100%       6-21      1%          3
j - Fireball              Conj/Fire      58%        3d22      1%          5
k - Alistair's Intoxicat  Tmut/Pois      49%        N/A       1%          5
l - Death Channel         Necr           37%        N/A       5%          6
m - Starburst             Conj/Fire      58%        6d16      5%          6
n - Malign Gateway        Summ/Tloc      37%        N/A       28%         7
Your spell library was empty.

Dungeon Overview and Level Annotations

Branches:
Dungeon (15/15)            Temple (1/1) D:6            Lair (5/5) D:9
  Swamp (4/4) Lair:2        Snake (4/4) Lair:3        Slime (0/5) Lair:4
    Orc (2/2) D:11            Elf (1/3) Orc:2        Vaults (0/5) D:13
 Depths (0/4) D:15        Ossuary (visited)           IceCv (visited)
Volcano (visited)         Gauntlet (visited)

Altars:
Ashenzari
Cheibriados
Dithmenos
Elyvilon
Fedhas
Gozag
Hepliaklqana
Makhleb
Nemelex Xobeh
Okawaru
Qazlal
Ru
Trog
Uskayaw
Wu Jian
Xom
Yredelemnul
Zin
The Shining One
Jiyva

Shops:
D:14 [   Snake:3 *

Annotations:
D:4 1 runed translucent door, UCchamp's ghost, novice MeFi


Innate Abilities, Weirdness & Mutations

Your life essence is reduced to manifest your ancestor. (-10% HP)
You are immune to sickness and miasma.
You are immune to poison.
Your flesh is very heat resistant. (rF++)
You are vulnerable to cold. (rC-)
You float through the air rather than walking.
You learn spells naturally, not from books.
Your magical power is your life essence.
You have superior vitality. (+4 MHP)
You possess an exceptional clarity of mind.
You are robust. (+10% HP)


Message History

Your spectral deep elf zephyrmancer closely misses the deep elf zephyrmancer.
Something hits your spectral deep elf zephyrmancer.
Your spectral deep elf zephyrmancer is destroyed!
Your spectral deep elf pyromancer hits the deep elf zephyrmancer.
Your spectral deep elf pyromancer drains the deep elf zephyrmancer.
The deep elf sorcerer gestures at you while chanting.
You easily resist.
Casting: Fireball (mildly dangerous; 1% risk of failure)
Confirm with . or Enter, or press ? or * to list all spells.
Aiming: Fireball (mildly dangerous; 1% risk of failure)
Press: ? - help, Shift-Dir - straight line
Okay, then.
The deep elf sorcerer casts a spell at you.
The sphere of damnation explodes!
The damnation engulfs you!!!
* * * LOW HITPOINT WARNING * * *
Something hits your spectral deep elf zephyrmancer.
Blink to where?
Press: ? - help, Dir - move target
As you read the scroll of blinking, it crumbles to dust.
You see here a stone.
Okay, then.
Casting: Fireball (mildly dangerous; 1% risk of failure)
Confirm with . or Enter, or press ? or * to list all spells.
Okay, then.
You feel much better.
Okay, then.
Aiming: Phantom Mirror
Press: ? - help, Q - select action, (/) - cycle Dir - move target, f - deep elf sorcerer
Aim: a deep elf sorcerer, wielding a +1 long sword of holy wrath (fast)
You reflect the deep elf sorcerer with the mirror!
The mirror clouds!
The deep elf sorcerer gestures at you while chanting.
The sphere of damnation explodes!
The damnation engulfs you!!
* * * LOW HITPOINT WARNING * * *
Your deep elf sorcerer hits the deep elf sorcerer with a +1 long sword of holy wrath!
Something hits your spectral deep elf zephyrmancer.
Your deep elf sorcerer barely misses the deep elf sorcerer.
The deep elf sorcerer gestures at you while chanting.
The sphere of damnation explodes!
The damnation engulfs you!!
You die...

#Z....# #.... #.#
#.###)## #.... #.##.##
##.###)).. #.# #.##^
#.))))... #.# #.#.##
##.##.).) #.# #.##.#
#.###.... #.# #.##.##
##.# #.... . ##.##
#.##..###.## ##... .#
#...# ######@##......#
#... .# #...#
##.e.(...)..#.### #...
.###...###.>e......(.#.#
###.
.##.....#........).....#
#.
........[Z...........###
.)...................#
...Z.................#
.).e###########......#
#.#.# ###.####


You could see a deep elf sorcerer (fast, ally target), a friendly deep elf
sorcerer (summoned, fast, drained) and a friendly spectral deep elf
zephyrmancer.

Vanquished Creatures
  Nikola (Snake:4)
  Mlioglotl (Snake:2)
  Frances (D:14)
  Agnes (Snake:2)
  Gastronok (Lair:3)
  An azure jelly (IceCv)
  Kirke (Swamp:3)
  4 nagarajas
  A cacodemon (Gauntlet)
  3 orc warlords
  A quicksilver ooze (IceCv)
  An eleionoma (Swamp:3)
  A minotaur (Gauntlet)
  4 bunyips
  A deep elf death mage (Elf:1)
  2 fire dragons
  The ghost of BigBossMan the Grappler, a journeyman TrGl of Trog (Snake:1)
  3 ice dragons
  11 hydras
  A ghost crab (Swamp:3)
  Erolcha (D:11)
  A salamander tyrant (Snake:2)
  2 vault guards (D:13)
  2 boulder beetles
  4 centaur warriors
  Erica (D:8)
  A rakshasa (D:14)
  An anaconda (Snake:3)
  2 catoblepae
  A dancing weapon (Volcano)
  3 two-headed ogres
  2 alligators
  A death knight (D:14)
  6 naga warriors
  A tengu warrior (D:13)
  3 death yaks (Lair:4)
  The ghost of firemarshallily the Covert, a novice OpBr of Uskayaw (D:9)
  2 deep elf knights (Elf:1)
  14 naga sharpshooters
  4 shock serpents
  Urug (Lair:5)
  An orc high priest (Orc:1)
  Nergalle (D:10)
  7 skeletal warriors (D:14)
  Lodul (D:11)
  3 salamander mystics
  A spriggan druid (Swamp:4)
  6 deep elf archers
  3 goliath frogs
  3 wizards
  Pikel (D:8)
  The ghost of Darius099 the Covert, a novice OpBr of Dithmenos (D:8)
  A swamp dragon (Lair:5)
  2 bog bodies
  3 naga ritualists (Snake:4)
  8 ugly things
  11 deep elf zephyrmancers
  A harpy (shapeshifter) (D:15)
  8 deep elf pyromancers
  An oklob plant (Lair:2)
  5 cyclopes
  3 mana vipers
  3 orc sorcerers
  A will-o-the-wisp (Swamp:1)
  6 elephants
  12 naga magi
  2 ice statues (IceCv)
  A torpor snail (Lair:1)
  4 salamanders
  7 cane toads
  A smoke demon (Gauntlet)
  5 toenail golems (Volcano)
  Psyche (D:8)
  17 black mambas
  A kobold demonologist (D:14)
  2 rime drakes (Lair:5)
  Maggie (D:6)
  An efreet (D:14)
  An unseen horror (D:13)
  A komodo dragon (Lair:5)
  3 freezing wraiths
  4 trolls
  A red devil (Gauntlet)
  2 tyrant leeches
  Prince Ribbit (D:6)
  A polar bear (Lair:4)
  17 slime creatures
  9 blink frogs
  4 dream sheep
  A jumping spider (shapeshifter) (D:14)
  A shadow (D:11)
  5 spriggans
  2 wraiths
  A fire bat (Lair:5)
  5 water elementals (D:15)
  A hog (Swamp:3)
  A culicivora (shapeshifter) (D:13)
  15 humans (D:13)
  28 yaks
  9 wyverns
  6 basilisks
  4 steam dragons
  A redback (Lair:5)
  6 vampire mosquitoes
  3 neqoxecs (Gauntlet)
  27 nagas
  14 hydra simulacra (Swamp:4)
  2 acid dragons
  16 swamp worms
  4 water moccasins
  2 swamp drakes
  2 black bears
  23 orc warriors
  4 wolves (Lair:3)
  9 ogres
  2 sky beasts
  2 great orb of eyes simulacra (IceCv)
  6 centaurs
  3 kobold brigands (D:9)
  2 lemures (D:8)
  11 bullfrogs
  3 necrophages
  4 glowing shapeshifter simulacra (IceCv)
  A scorpion (D:4)
  5 wights
  9 killer bees
  An electric eel (D:15)
  3 howler monkeys
  3 crimson imps (Gauntlet)
  A centaur zombie (Ossuary)
  A gnoll bouda (D:6)
  2 hounds
  2 jellies
  15 orc priests
  11 iguanas
  20 orc wizards
  4 shapeshifter simulacra (IceCv)
  4 mummies (Ossuary)
  2 howler monkey zombies (D:9)
  6 gnolls
  13 adders
  5 shadow imps
  3 white imps
  6 swamp drake simulacra (Swamp:4)
  An ufetubus (D:7)
  A worm (D:3)
  55 orcs
  2 bats
  11 endoplasms
  3 giant cockroaches
  6 goblins
  13 hobgoblins
  A quokka (D:2)
  3 ball pythons
  A bat (shapeshifter) (D:15)
  2 frilled lizards
  A hobgoblin zombie (Ossuary)
  21 kobolds
  3 kobold zombies (Ossuary)
  An orc zombie (Ossuary)
  4 rats
  A fulminant prism (D:10)
747 creatures vanquished.

Vanquished Creatures (collateral kills)
  Vashnia (Snake:2)
  Jorgrun (Swamp:3)
  A nagaraja (Snake:4)
  An azure jelly (Swamp:4)
  Aizul (Swamp:3)
  2 eleionomae
  A bunyip (Swamp:4)
  The ghost of croobank the Destroyer, a journeyman DsCj of Gozag (Lair:1)
  The ghost of Darius099 the Grappler, a journeyman TrMo (D:10)
  The ghost of Seidenschwarz the Spear-Bearer, a journeyman MiFi of Okawaru (Lair:1)
  An ice dragon (Swamp:4)
  4 hydras
  A catoblepas (Lair:4)
  2 ghost crabs
  4 boulder beetles
  10 naga warriors
  3 anacondas
  3 alligators
  A dancing weapon (Elf:1)
  4 shock serpents
  6 naga sharpshooters
  A deep elf knight (Elf:1)
  A spriggan (Swamp:1)
  3 salamander mystics
  2 goliath frogs
  A deep elf archer (Elf:1)
  2 swamp dragons
  2 orc knights
  2 spriggan druids
  2 bog bodies
  5 wizards
  6 naga ritualists
  4 deep elf pyromancers
  4 deep elf zephyrmancers (Elf:1)
  An oklob plant (Lair:2)
  2 orc sorcerers
  8 mana vipers
  2 will-o-the-wisps (Swamp:2)
  3 ugly things (D:14)
  A wolf spider (Lair:5)
  7 salamanders
  An ice statue (IceCv)
  5 elephants
  13 black mambas
  3 guardian serpents
  8 naga magi
  10 cane toads
  A kobold demonologist (D:14)
  2 freezing wraiths (Swamp:4)
  6 komodo dragons
  A troll (D:12)
  6 hornets
  A polar bear (Lair:5)
  5 tyrant leeches
  9 slime creatures
  2 blink frogs
  5 dream sheep (Lair:3)
  An air elemental (Elf:1)
  A wraith (D:14)
  2 fire bats (Lair:5)
  5 wyverns (Lair:5)
  4 humans (D:13)
  22 yaks
  2 redbacks (Lair:5)
  A steam dragon (D:9)
  A swamp worm simulacrum (Swamp:4)
  5 vampire mosquitoes
  6 swamp worms
  12 nagas
  3 wargs
  An acid dragon (Lair:5)
  5 water moccasins (Lair:5)
  8 orc warriors
  A black bear (Lair:4)
  4 great orb of eyes simulacra (IceCv)
  A centaur (D:13)
  2 slime creature simulacra (IceCv)
  A glowing shapeshifter simulacrum (IceCv)
  A wight (D:8)
  A killer bee (D:8)
  2 howler monkeys
  A crimson imp (Gauntlet)
  8 jellies (Lair:2)
  5 orc priests
  An iguana (Lair:5)
  4 orc wizards
  A mummy (Ossuary)
  A shadow imp (D:8)
  A swamp drake simulacrum (Swamp:4)
  24 orcs
  11 endoplasms (Lair:2)
  A kobold (D:9)
  2 goblin zombies (Ossuary)
339 creatures vanquished.

Vanquished Creatures (others)
  An eldritch tentacle (Snake:4)
  A salamander mystic (Snake:4)
  A goliath frog (Swamp:2)
  A deep elf archer (Elf:1)
  A deep elf zephyrmancer (Elf:1)
  2 deep elf pyromancers (Elf:1)
  A black mamba (Snake:4)
  2 bloated husks
  A human (Swamp:3)
  A kobold brigand (D:10)
  An ancestor (D:7)
  27 battlemagi
  15 foxfires
  139 fulminant prisms
  53 fungi
  80 plants
327 creatures vanquished.

Grand Total: 1413 creatures vanquished

Notes
Turn   | Place    | Note
-------+----------+-------------------------------------------
     0 | D:1      | javelincjr the Djinni Conjurer began the quest for the Orb.
     0 | D:1      | javelincjr set off with the following spells memorised:
                  | Magic Dart, Searing Ray, Dazzling Flash, Fulminant Prism,
                  | Iskenderun's Mystic Blast.
     0 | D:1      | Reached XP level 1. HP: 15/15 MP: 0/0
   308 | D:1      | Reached XP level 2. HP: 15/21 MP: 0/0
   838 | D:1      | Reached XP level 3. HP: 25/25 MP: 0/0
   838 | D:1      | Learned a level 1 spell: Shock
  1776 | D:2      | Reached XP level 4. HP: 26/31 MP: 0/0
  2026 | D:2      | Found a faded altar of an unknown god.
  2386 | D:3      | Found an ornate altar of the Wu Jian Council.
  2409 | D:3      | Reached XP level 5. HP: 21/35 MP: 0/0
  2409 | D:3      | Learned a level 2 spell: Static Discharge
  2747 | D:3      | Identified the +9 ring mail of Yrarere {rN++ Str+5}
  3206 | D:4      | Reached XP level 6. HP: 33/40 MP: 0/0
  3717 | D:4      | Noticed an ogre
  3849 | D:3      | Killed an ogre
  3850 | D:3      | Reached XP level 7. HP: 6/45 MP: 0/0
  3850 | D:3      | Learned a level 3 spell: Stone Arrow
  4149 | D:4      | Reached skill level 5 in Dodging
  4743 | D:4      | Found a runed translucent door.
  4745 | D:4      | Noticed UCchamp's ghost (novice MeFi)
  4907 | D:5      | Entered Level 5 of the Dungeon
  4912 | D:5      | Reached skill level 1 in Fighting
  4915 | D:5      | Reached XP level 8. HP: 30/52 MP: 0/0
  5220 | D:5      | Reached skill level 1 in Armour
  5220 | D:5      | Reached skill level 5 in Spellcasting
  5284 | D:5      | Reached skill level 2 in Fighting
  6748 | D:6      | Found a staircase to the Ecumenical Temple.
  6759 | Temple   | Entered the Ecumenical Temple
  6769 | Temple   | Became a worshipper of Hepliaklqana the Forgotten
  7121 | D:6      | Noticed a two-headed ogre
  7126 | D:6      | Killed a two-headed ogre
  7127 | D:6      | Reached skill level 4 in Fighting
  7127 | D:6      | Reached skill level 5 in Stealth
  7127 | D:6      | Reached XP level 9. HP: 10/62 MP: 0/0
  7127 | D:6      | Learned a level 3 spell: Conjure Flame
  7408 | D:6      | Noticed Maggie
  7419 | D:6      | Killed Maggie
  7863 | D:6      | Noticed Prince Ribbit
  7870 | D:6      | Killed Prince Ribbit
  7970 | D:6      | Found a white marble altar of Elyvilon.
  8115 | D:6      | Reached * piety under Hepliaklqana
  8298 | D:6      | Reached skill level 5 in Fighting
  8607 | D:7      | Reached XP level 10. HP: 48/63 MP: 0/0
  8864 | D:7      | Found a sand-covered staircase.
  8986 | Ossuary  | Entered an ossuary
  9296 | Ossuary  | Reached skill level 6 in Fighting
  9401 | D:7      | Gained mutation: You are robust. (+10% HP) [potion of
                  | mutation]
  9401 | D:7      | Gained mutation: You possess an exceptional clarity of
                  | mind. [potion of mutation]
  9866 | D:8      | Found a runed translucent door.
  9866 | D:8      | Noticed Darius099's ghost (novice OpBr)
  9918 | D:8      | Reached ** piety under Hepliaklqana
  9919 | D:8      | Remembered your ancestor Xochitl as a battlemage
  9984 | D:8      | Noticed Pikel
  9997 | D:8      | Killed Pikel
 10207 | D:8      | Noticed Psyche
 10217 | D:8      | Killed Psyche
 10594 | D:8      | Noticed Erica
 10599 | D:8      | Killed Erica
 10600 | D:8      | Reached skill level 7 in Fighting
 10894 | D:8      | Killed Darius099's ghost
 10895 | D:8      | Reached skill level 5 in Armour
 10895 | D:8      | Reached XP level 11. HP: 60/79 MP: 0/0
 10895 | D:8      | Learned a level 5 spell: Fireball
 11056 | D:9      | Noticed a cyclops
 11060 | D:9      | Killed a cyclops
 11667 | D:9      | Found an iron altar of Okawaru.
 11667 | D:9      | Noticed a two-headed ogre
 11670 | D:9      | Killed a two-headed ogre
 11671 | D:9      | Reached skill level 8 in Fighting
 11895 | D:9      | Found a staircase to the Lair.
 12227 | D:9      | Found a runed translucent gate.
 12227 | D:9      | Found a runed translucent gate.
 12227 | D:9      | Found a runed translucent gate.
 12227 | D:9      | Noticed firemarshallily's ghost (novice OpBr)
 12229 | D:9      | Found a basalt altar of Yredelemnul.
 12246 | D:9      | Killed firemarshallily's ghost
 12753 | D:9      | Found a sacrificial altar of Ru.
 12964 | D:10     | Entered Level 10 of the Dungeon
 13321 | D:10     | Reached XP level 12. HP: 80/88 MP: 0/0
 13522 | D:10     | Reached *** piety under Hepliaklqana
 13818 | D:10     | Reached skill level 9 in Fighting
 13891 | D:10     | Found a runed translucent door.
 13894 | D:10     | Noticed Darius099's ghost (journeyman TrMo)
 13905 | D:10     | Killed Darius099's ghost
 14009 | D:10     | Noticed Nergalle
 14017 | D:10     | Killed Nergalle
 14637 | D:11     | Found a gate leading to a gauntlet.
 14646 | Gauntlet | Entered a Gauntlet
 14646 | Gauntlet | Found a transporter.
 14646 | Gauntlet | Found a transporter.
 14646 | Gauntlet | Found a transporter.
 14647 | Gauntlet | Found a transporter.
 14648 | Gauntlet | Found a transporter.
 14651 | Gauntlet | Found a transporter.
 14656 | Gauntlet | Noticed a catoblepas
 14657 | Gauntlet | Found a transporter.
 14659 | Gauntlet | Found a transporter.
 14660 | Gauntlet | Found a transporter.
 14662 | Gauntlet | Found a transporter.
 14668 | Gauntlet | Noticed a death yak
 14668 | Gauntlet | Noticed a death yak
 14669 | Gauntlet | Noticed a cacodemon
 14669 | Gauntlet | Noticed a death yak
 14669 | Gauntlet | Noticed a death yak
 14670 | Gauntlet | Noticed a death yak
 14670 | Gauntlet | Noticed a death yak
 14671 | Gauntlet | Found a transporter.
 14671 | Gauntlet | Found a transporter.
 15080 | Gauntlet | Killed a cacodemon
 15485 | Gauntlet | Identified the +9 glaive "Tucac" {speed, rElec rPois Dex+4}
 15485 | Gauntlet | Noticed a minotaur
 15498 | Gauntlet | Killed a minotaur
 15499 | Gauntlet | Reached skill level 1 in Evocations
 15853 | Gauntlet | Identified the +2 leather armour "Olum" {Harm +Inv rC-
                  | Str+3}
 15853 | Gauntlet | Identified the +5 glaive of Uruiraan {vorpal, rElec rF-
                  | rC+}
 16220 | D:11     | Found a staircase to the Orcish Mines.
 16241 | D:11     | Reached skill level 1 in Polearms
 16325 | D:11     | Noticed a two-headed ogre
 16328 | D:11     | Killed a two-headed ogre
 16537 | D:11     | Noticed Lodul
 16539 | D:11     | Reached skill level 10 in Fighting
 16545 | D:11     | Killed Lodul
 16546 | D:11     | Reached XP level 13. HP: 56/96 MP: 0/0
 16546 | D:11     | Learned a level 5 spell: Alistair's Intoxication
 16817 | D:11     | Found a broken altar of Ashenzari.
 16855 | D:11     | Noticed Erolcha
 16868 | D:11     | Killed Erolcha
 17237 | D:12     | Reached **** piety under Hepliaklqana
 17569 | D:12     | Noticed a boulder beetle
 17575 | D:12     | Killed a boulder beetle
 18333 | D:12     | Reached skill level 10 in Dodging
 18583 | D:13     | Noticed a centaur warrior
 18591 | D:13     | Killed a centaur warrior
 19177 | D:13     | Reached skill level 11 in Fighting
 19218 | D:13     | Noticed a boulder beetle
 19389 | D:13     | Killed a boulder beetle
 19390 | D:13     | Reached skill level 10 in Spellcasting
 19847 | D:13     | Reached XP level 14. HP: 87/105 MP: 0/0
 20201 | D:13     | Found a gate to the Vaults.
 21204 | D:14     | Found Retiffu's Armour Emporium.
 21323 | D:14     | Reached skill level 12 in Fighting
 22028 | D:14     | Noticed Frances
 22452 | D:14     | Killed Frances
 22453 | D:14     | Reached skill level 5 in Evocations
 22695 | D:15     | Entered Level 15 of the Dungeon
 23022 | D:15     | Reached XP level 15. HP: 90/113 MP: 0/0
 23022 | D:15     | Learned a level 6 spell: Death Channel
 23034 | D:15     | Found a staircase to the Depths.
 23057 | D:15     | Identified a scroll of acquirement
 23057 | D:15     | Acquired 1103 gold pieces
 23824 | D:15     | Reached ***** piety under Hepliaklqana
 24482 | Lair:1   | Entered Level 1 of the Lair of Beasts
 24482 | Lair:1   | Noticed Seidenschwarz's ghost (journeyman MiFi)
 24482 | Lair:1   | Found a runed translucent gate.
 24482 | Lair:1   | Found a runed translucent gate.
 24482 | Lair:1   | Found a runed translucent gate.
 24706 | Lair:1   | Noticed croobank's ghost (journeyman DsCj)
 25506 | Lair:1   | Killed croobank's ghost
 25516 | Lair:1   | Killed Seidenschwarz's ghost
 26743 | Lair:2   | Reached skill level 5 in Polearms
 27064 | Lair:2   | Found a staircase to the Swamp.
 27637 | Lair:3   | Noticed Gastronok
 27648 | Lair:3   | Reached skill level 13 in Fighting
 27918 | Lair:3   | Killed Gastronok
 28100 | Lair:3   | Found a staircase to the Snake Pit.
 28652 | Lair:3   | You are sucked into a shaft and drop 1 floor!
 28911 | Lair:4   | Reached ****** piety under Hepliaklqana
 29439 | Lair:4   | Reached XP level 16. HP: 95/121 MP: 0/0
 29587 | Lair:4   | Found a viscous altar of Jiyva.
 29587 | Lair:4   | Found a staircase to the Slime Pits.
 30271 | Lair:5   | Entered Level 5 of the Lair of Beasts
 30353 | Lair:5   | Reached skill level 10 in Stealth
 30365 | Lair:5   | Acquired a manual of Spellcasting
 30438 | Lair:5   | Identified the +1 ring mail of the Lumpy Nightingales
                  | {Drain rF+ Regen+ Str+3}
 30530 | Lair:5   | Found a dark tunnel.
 30680 | Volcano  | Entered a volcano
 30945 | Volcano  | Reached skill level 10 in Armour
 31431 | Lair:5   | Noticed Urug
 31439 | Lair:5   | Killed Urug
 32352 | Swamp:1  | Entered Level 1 of the Swamp
 32357 | Swamp:1  | Reached skill level 14 in Fighting
 32403 | Swamp:1  | Identified the +8 plate armour "Yppousk" {rCorr Dex+7}
 32896 | Swamp:1  | Reached XP level 17. HP: 101/129 MP: 0/0
 32896 | Swamp:1  | Learned a level 6 spell: Starburst
 33294 | Swamp:2  | HP: 4/129 [will-o-the-wisp/foxfire (8)]
 33906 | Swamp:3  | Identified the +1 robe of Diheif {rPois rF+}
 33943 | Swamp:3  | Noticed Kirke
 33948 | Swamp:3  | Noticed Aizul
 33949 | Swamp:3  | Noticed Jorgrun
 33950 | Swamp:3  | Killed Kirke
 33963 | Swamp:3  | Killed Jorgrun
 33964 | Swamp:3  | Killed Aizul
 34447 | Swamp:4  | Entered Level 4 of the Swamp
 34977 | Swamp:4  | Got a decaying rune of Zot
 36042 | Snake:1  | Entered Level 1 of the Snake Pit
 36087 | Snake:1  | Reached skill level 1 in Invocations
 36117 | Snake:1  | Reached skill level 1 in Shields
 36286 | Snake:1  | Reached skill level 15 in Fighting
 36286 | Snake:1  | Reached XP level 18. HP: 128/138 MP: 0/0
 36386 | Snake:1  | Found a large runed translucent door.
 36386 | Snake:1  | Found a large runed translucent door.
 36386 | Snake:1  | Noticed BigBossMan's ghost (journeyman TrGl)
 36400 | Snake:1  | Killed BigBossMan's ghost
 36827 | Snake:2  | Noticed Vashnia
 36866 | Snake:2  | Noticed Agnes
 36929 | Snake:2  | Killed Agnes
 36998 | Snake:2  | Killed Vashnia
 37801 | Snake:2  | Noticed Mlioglotl
 37807 | Snake:2  | Killed Mlioglotl
 38125 | Snake:3  | Found Karosauq's General Store.
 38766 | Snake:4  | Entered Level 4 of the Snake Pit
 39292 | Snake:4  | Noticed Nikola
 39301 | Snake:4  | Killed Nikola
 39453 | Snake:4  | Reached XP level 19. HP: 111/145 MP: 0/0
 39453 | Snake:4  | Learned a level 7 spell: Malign Gateway
 39838 | Snake:4  | Reached skill level 5 in Shields
 39842 | Snake:4  | Reached skill level 16 in Fighting
 40042 | Snake:4  | Got a serpentine rune of Zot
 40761 | Orc:1    | Entered Level 1 of the Orcish Mines
 40947 | Orc:2    | Entered Level 2 of the Orcish Mines
 41091 | Orc:1    | Found a frozen archway.
 41105 | IceCv    | Entered an ice cave
 41263 | IceCv    | Found a viscous altar of Jiyva.
 41287 | IceCv    | Identified the +6 ice dragon scales of Polish {rElec rF-
                  | rC++}
 41292 | IceCv    | Got the +9 dagger "Fatoosk" {freeze, rC+}
 41293 | IceCv    | Identified the amulet of Utryemech {Fly rC+ Regen+ Str+4
                  | Dex+4}
 41403 | IceCv    | Reached skill level 15 in Spellcasting
 41832 | Orc:2    | Found a staircase to the Elven Halls.
 42101 | Elf:1    | Entered Level 1 of the Elven Halls
 42224 | Elf:1    | Reached XP level 20. HP: 143/153 MP: 0/0
 42400 | Elf:1    | Killed from afar by a deep elf sorcerer

Illustrated notes

Levels and vault maps discovered:
D:1:      noname_arrival_rooms_in_the_neighbourhood, layout_basic
D:2:      layout_basic, ebering_ecumenical_altar_petrified
D:3:      layout_rooms, nicolae_wu_jian_wuxing_cycle
D:4:      layout_rooms, gammafunk_ghost_grave,
          amcnicky_mini_rare_corridor_liquid
D:5:      layout_layer_cave
D:6:      layout_basic, elyvilon_altar_1, minmay_temple_entry_crystal_x,
          uniq_prince_ribbit1, uniq_maggie
D:7:      layout_cave_pools, chequers_ossuary_entry_cave
D:8:      layout_loops_ring, gammafunk_ghost_grave, uniq_psyche, uniq_erica,
          uniq_pikel
D:9:      minmay_octagon_keep, layout_irregular_city,
          nicolae_yredelemnul_ghost_church, mainiacjoe_overflow_alcove_4,
          mainiacjoe_overflow_cross_hatched, lair_entry_dummy
D:10:     layout_loops_corners, gammafunk_ghost_grave, minmay_misc_feat_rows,
          uniq_nergalle
D:11:     layout_irregular_city, orc_0_dummy, gauntlet_entry_generic,
          ashenzari_conservatory_becter, uniq_erolcha, uniq_lodul
D:12:     layout_stronghold
D:13:     layout_irregular_city, grunt_vaults_entry_tiered,
          minmay_variable_closet
D:14:     layout_small_grid, serial_shops, nicolae_shop_window_shopping,
          vehumet_crystals, uniq_frances
D:15:     grunt_enter_depths_hoard, layout_loops_ring, chequers_big_river,
          grunt_decor_fettered, nrook_campfire
Temple:   bh_familiar_temple
Lair:1:   layout_cave_pods, gammafunk_ghost_cemetery
Lair:2:   lemuel_slime, layout_loops_ring, palyth_hydra_swamp_entry,
          serial_bayou_shore_b, grunt_megastairs_3
Lair:3:   layout_hall_layers, dummy_snake_entry, serial_bayou_pond_d,
          uniq_gastronok
Lair:4:   layout_cave_pods, dpeg_slime_entry_corner
Lair:5:   guppyfry_lair_end_dragon, layout_regular_city,
          hangedman_lair_tendril_chambers, nicolae_volcano_entry_batcave,
          st_stairs_10, uniq_urug
Swamp:1:  layout_falls_marsh, nicolae_swamp_little_swirl
Swamp:2:  layout_basic_swamp, nicolae_swamp_round_clearing
Swamp:3:  layout_falls_marsh, serial_swamp_ruin, evilmike_swamp_ruin_house_3,
          evilmike_swamp_ruin_house_5, evilmike_swamp_ruin_rubble_2, uniq_aizul,
          uniq_kirke, uniq_jorgrun
Swamp:4:  swamp_icy, layout_basic_swamp
Snake:1:  layout_rooms, ebering_ghost_disaster_area, st_stairs_13
Snake:2:  cheibrodos_snake_ritualist_ritual, layout_honeycomb,
          grunt_megastairs_5, uniq_agnes, uniq_vashnia, uniq_mlioglotl
Snake:3:  layout_cave_town, serial_shops, shop
Snake:4:  snake_pit, layout_cave_town, grunt_megastairs_2, uniq_nikola
Orc:1:    layout_diamond_mine, portal_ice_cave_entry_pillars_1, elf_legates
Orc:2:    st_orc_mages, layout_diamond_mine, basic_altar, serial_shops,
          nicolae_shop_stone
Elf:1:    eino_elf_arrival_the_gate, layout_loops_ring, hangedman_elf_represent

Skill      XL: |  1  2  3  4  5  6  7  8  9 10 11 12 13 14 15 16 17 18 19 20 |
---------------+-------------------------------------------------------------+-----
Stealth        | 2 3 4 5 6 7 8 9 10 11 | 11.8
Dodging        | 3 4 5 6 7 8 9 10 11 12 13 14 | 14.0
Spellcasting   | 4 5 6 7 8 9 10 11 12 13 14 15 | 15.1
Fighting       | 1 4 5 7 8 10 11 12 13 14 15 16 | 16.5
Armour         | 2 3 5 6 7 8 9 10 11 | 11.9
Evocations     | 1 3 5 6 7 8 9 |  9.8
Polearms       | 1 3 4 5 6 7 |  7.3
Invocations    | 1 3 |  3.1
Shields        | 1 4 6 |  6.8

Action                   |  1- 3 |  4- 6 |  7- 9 | 10-12 | 13-15 | 16-18 | 19-21 || total
-------------------------+-------+-------+-------+-------+-------+-------+-------++-------
Melee: Unarmed           |       |     2 |       |     1 |       |       |       ||     3
       Halberd           |       |       |       |     9 |       |       |       ||     9
       Glaive            |       |       |       |       |    36 |     8 |       ||    44
       Staff             |       |       |       |       |       |     1 |    12 ||    13
 Cast: Magic Dart        |    61 |    41 |     1 |    25 |    60 |    39 |     4 ||   231
       Searing Ray       |     2 |    11 |       |       |       |       |       ||    13
       Shock             |       |     4 |       |     4 |     5 |     3 |       ||    16
       Fulminant Prism   |       |     1 |     1 |    17 |    83 |    36 |     2 ||   140
       Iskenderun's Myst |       |     5 |     2 |    36 |    51 |    51 |    14 ||   159
       Static Discharge  |       |     5 |       |       |       |       |       ||     5
       Stone Arrow       |       |       |    95 |   162 |   174 |   212 |   110 ||   753
       Dazzling Flash    |       |       |     2 |       |     2 |       |       ||     4
       Fireball          |       |       |       |    33 |    93 |   202 |    46 ||   374
       Alistair's Intoxi |       |       |       |       |     6 |    13 |     9 ||    28
       Death Channel     |       |       |       |       |    13 |    38 |    16 ||    67
       Conjure Flame     |       |       |       |       |     1 |     2 |       ||     3
       Starburst         |       |       |       |       |       |    80 |    40 ||   120
       Malign Gateway    |       |       |       |       |       |       |     1 ||     1
Invok: Ancestor Life: Ba |       |       |       |     1 |       |       |       ||     1
       Recall Ancestor   |       |       |       |       |     2 |       |     1 ||     3
       Transference      |       |       |       |       |       |     3 |     4 ||     7
Evoke: Box of beasts     |       |       |       |     1 |       |     1 |       ||     2
       Wand              |       |       |       |     1 |       |       |       ||     1
       Lightning rod     |       |       |       |       |     4 |       |       ||     4
       Phantom mirror    |       |       |       |       |       |       |     1 ||     1
  Use: Scroll            |       |       |     8 |     2 |     8 |    15 |     1 ||    34
       Potion            |       |       |       |     1 |       |     3 |     3 ||     7
 Stab: Distracted        |       |       |       |     1 |       |       |     1 ||     2
       Petrifying        |       |       |       |       |     1 |       |       ||     1
       Confused          |       |       |       |       |       |       |     1 ||     1
Armor: Robe              |     1 |     7 |     2 |       |       |       |       ||    10
       Steam dragon scal |       |       |       |     9 |    21 |     3 |       ||    33
       Ring mail         |       |       |       |       |       |    29 |    17 ||    46
Dodge: Dodged            |     4 |    31 |    12 |    38 |    49 |    55 |    29 ||   218
Block: Other             |       |       |       |     5 |    13 |    26 |       ||    44
       Reflection        |       |       |       |     3 |     6 |    19 |    24 ||    52
       Tower shield      |       |       |       |       |       |    14 |    70 ||    84
       Kite shield       |       |       |       |       |       |     8 |       ||     8
